 Dungeon Crawl Stone Soup version 0.28.0-53-g5a82cb258f (webtiles) character file.

Game seed: 17313683424136424308

118 Peloso the Skirmisher (level 4, -5/41 HPs)
             Began as a Minotaur Fighter on June 30, 2022.
             Slain by Prince Ribbit (7 damage)
             ... on level 6 of the Dungeon.
             The game lasted 00:03:56 (1842 turns).

Peloso the Skirmisher (Minotaur Fighter)            Turns: 1842, Time: 00:03:57

Health: -5/41      AC:  7    Str: 20    XL:     4   Next: 72%
Magic:  3/3        EV:  9    Int:  5    God:
Gold:   1026       SH:  6    Dex: 12    Spells: 3/3 levels left

rFire   . . .      SeeInvis .   a - +0 long sword
rCold   . . .      Faith    .   c - +1 buckler
rNeg    . . .      Spirit   .   b - +0 scale mail
rPois   .          Reflect  .   (helmet restricted)
rElec   .          Harm     .   (no cloak)
rCorr   .          Rampage  .   (no gloves)
Will    .....                   (no boots)
Stlth   ..........              (no amulet)
HPRegen 0.13/turn               (no ring)
MPRegen 0.08/turn               (no ring)

@: no status effects
A: horns 2, retaliatory headbutt
a: no special abilities


You were on level 6 of the Dungeon.
You visited 1 branch of the dungeon, and saw 4 of its levels.

You collected 1026 gold pieces.

Inventory:

Hand Weapons
 a - a +0 long sword (weapon)
Armour
 b - a +0 scale mail (worn)
 c - a +1 buckler (worn)
Jewellery
 k - a ring of willpower
Wands
 i - a wand of paralysis (6)
 l - a wand of acid (10)
Scrolls
 f - a scroll of blinking {unknown}
 h - a scroll of identify
 j - a scroll of teleportation
 m - a scroll of immolation {unknown}
Potions
 d - a potion of might
 e - 2 potions of curing {unknown}
 g - 2 potions of brilliance


   Skills:
 + Level 4.9 Fighting
 + Level 3.9 Long Blades
 + Level 4.2 Armour
 + Level 0.7 Dodging
 + Level 0.1 Stealth
 + Level 4.0 Shields


You had 3 spell levels left.
You didn't know any spells.
Your spell library was empty.

Dungeon Overview and Level Annotations

Branches:
Dungeon (3/15)

Altars:
Nemelex Xobeh

Shops:
D:1 [

Annotations:
D:6 Prince Ribbit


Innate Abilities, Weirdness & Mutations

You have a pair of horns on your head.
You reflexively headbutt those who attack you in melee.


Message History

A sourceless malevolence fills the Dungeon...
You fall into a shaft and drop 3 floors!
The shaft crumbles and collapses.
Found a twisted fluorescent wand, 22 stones and a potion of brilliance.
i - a wand of paralysis (6)
g - 2 potions of brilliance (gained 1)
k - a ring of willpower A white imp comes into view.
The white imp shouts!
You hit the white imp.
The white imp is lightly wounded.
The white imp hits you. The white imp freezes you.
You slash the white imp!
You kill the white imp!
Found an escape hatch in the ceiling.
Found 9 gold pieces.
HP restored.
You now have 1026 gold pieces (gained 9).
m - a scroll labelled MITHREY OHYIZ Prince Ribbit comes into view.
Prince Ribbit gives a loud, deep croak!
Prince Ribbit blinks!
Prince Ribbit blinks!
You hit Prince Ribbit.
Prince Ribbit is lightly wounded.
Prince Ribbit blinks!
Prince Ribbit hits you.
You miss Prince Ribbit. Your headbutt misses Prince Ribbit.
Prince Ribbit is lightly wounded.
Prince Ribbit hits you! You block Prince Ribbit's attack.
You completely miss Prince Ribbit. You headbutt Prince Ribbit.
Prince Ribbit is lightly wounded.
Prince Ribbit closely misses you. You furiously retaliate!
You headbutt Prince Ribbit! Prince Ribbit hits you!
You hit Prince Ribbit.
Prince Ribbit is heavily wounded.
Prince Ribbit hits you!
* * * LOW HITPOINT WARNING * * *
Prince Ribbit hits you!
You die...

#.###### .# ......### ##.
#....... ... #.......
#####.# #.......
#..##.######## #.....(.
####..##.##.....# #.......
..#........##!....#
#.......
......#....@F.....#
####.###
..#.#...#..##.....#
#....... # #
##.....##.....# #.##.#..
#.##.##.######### #.##.#..
#.......###### #.##.#..
####.#...<...######.##.#..
#.#.#####......#.......
#.#........###.#......#
###.##.......#.####.###


You could see Prince Ribbit.

Vanquished Creatures
  A scorpion zombie (D:3)
  3 adders
  A white imp (D:6)
  A worm (D:2)
  A dart slug (D:1)
  8 bats
  9 endoplasms
  3 giant cockroaches
  4 hobgoblins
  3 jackals (D:1)
  3 quokkas (D:1)
  A ball python (D:2)
  5 frilled lizards
  4 goblins
  3 kobolds
  3 rats (D:1)
53 creatures vanquished.

Vanquished Creatures (others)
  A plant (D:2)
1 creature vanquished.

Grand Total: 54 creatures vanquished

Notes
Turn   | Place    | Note
-------+----------+-------------------------------------------
     0 | D:1      | Peloso the Minotaur Fighter began the quest for the Orb.
     0 | D:1      | Reached XP level 1. HP: 19/19 MP: 0/0
    11 | D:1      | Found Terazoel's Antique Armour Shoppe.
   150 | D:1      | Reached XP level 2. HP: 27/27 MP: 1/1
   641 | D:1      | Reached XP level 3. HP: 33/33 MP: 2/2
   803 | D:1      | Found a faded altar of an unknown god.
  1263 | D:2      | Reached XP level 4. HP: 41/41 MP: 3/3
  1401 | D:2      | Identified a scroll of acquirement
  1401 | D:2      | Acquired 882 gold pieces
  1703 | D:3      | Found a sparkling altar of Nemelex Xobeh.
  1717 | D:3      | You fall into a shaft and drop 3 floors!
  1830 | D:6      | Noticed Prince Ribbit
  1842 | D:6      | HP: 2/41 [Prince Ribbit (13)]
  1842 | D:6      | Slain by Prince Ribbit

Illustrated notes

Levels and vault maps discovered:
D:1:      roderic_chinese_lattice_arrival, layout_rooms,
          chequers_ecumenical_altar_simple_redux, serial_shops,
          nicolae_shop_overgrown_old_shop, minmay_tall_x
D:2:      layout_rooms, serial_forest, infiniplex_forest_clump_cross,
          infiniplex_forest_clump_large, infiniplex_forest_clump_small,
          infiniplex_forest_straight_3, kennysheep_generic_room_12
D:3:      layout_basic, nemelex_xobeh_ov_fountains_minmay
D:6:      minmay_chambers_of_fours, layout_loops_cross, serial_shops,
          nicolae_shop_stone, nrook_pool_corridor, uniq_blork_the_orc,
          uniq_prince_ribbit1

Skill      XL: |  1  2  3 |
---------------+----------+-----
Fighting       | 4 |  4.9
Armour         | 4 |  4.2
Shields        | 4 |  4.0
Long Blades    | 3 |  3.9
Dodging        | |  0.7
Stealth        | |  0.1

Action                   |  1- 3 |  4- 6 || total
-------------------------+-------+-------++-------
Melee: Long sword        |    78 |    32 ||   110
       Headbutt          |     7 |     4 ||    11
  Use: Scroll            |       |     6 ||     6
Armor: Scale mail        |    47 |    11 ||    58
Dodge: Dodged            |    48 |    15 ||    63
Block: Buckler           |    21 |     8 ||    29
